 Dungeon Crawl Stone Soup version 0.29.1-15-g9cfb28693d (webtiles) character file.

Game seed: 14881556252984337862

75 Gabide the Trooper (level 4, -2/43 (50) HPs)
             Began as an Ogre Monk on Feb 25, 2023.
             Slain by a kobold
             ... wielding a +0 club
              (3 damage)
             ... on level 1 of the Dungeon.
             The game lasted 00:04:19 (1758 turns).

Gabide the Trooper (Ogre Monk)                      Turns: 1758, Time: 00:04:20

HP:   -2/43 (50)    AC:  3    Str: 17    XL:     4   Next: 31%
MP:   4/4           EV: 10    Int: 11    God:
Gold: 58            SH:  0    Dex: 11    Spells: 3/3 levels left

rFire   . . .      SeeInvis .   a - +0 spear
rCold   . . .      Faith    .   (no shield)
rNeg    . . .      Spirit   .   b - +0 robe
rPois   .          Reflect  .   (helmet restricted)
rElec   .          Harm     .   (no cloak)
rCorr   .          Rampage  .   (gloves unavailable)
Will    .....                   (boots unavailable)
Stlth   ++........              (no amulet)
HPRegen 0.14/turn               i - ring of wizardry
MPRegen 0.09/turn               (no ring)

@: heavily drained
A: large, unfitting armour, tough skin 1
a: no special abilities


You were on level 1 of the Dungeon.
You visited 1 branch of the dungeon, and saw 2 of its levels.

You collected 58 gold pieces.

Inventory:

Hand Weapons
 a - a +0 spear (weapon)
Armour
 b - a +0 robe (worn)
Jewellery
 i - a ring of wizardry (left hand)
Scrolls
 g - 3 scrolls of identify
Potions
 h - a potion of mutation


   Skills:
 * Level 5.1 Fighting
 * Level 3.9 Polearms
 + Level 3.1 Dodging
 - Level 1.4 Stealth


You had 3 spell levels left.
You didn't know any spells.
Your spell library was empty.

Dungeon Overview and Level Annotations

Branches:
Dungeon (2/15)

Altars:

Annotations:
D:2 3 exclusions, Sigmund


Innate Abilities, Weirdness & Mutations

You are too large for most types of armour.
You have tough skin. (AC +1)


Message History

The kobold attacks as you move away! The kobold misses you.
The kobold attacks as you move away! The kobold hits you with a +0 club.
* * * LOW HITPOINT WARNING * * *
The kobold attacks as you move away! The kobold misses you.
The kobold attacks as you move away! The kobold hits you with a +0 club.
* * * LOW HITPOINT WARNING * * *
Found 14 gold pieces.
The kobold attacks as you move away! The kobold hits you with a +0 club.
* * * LOW HITPOINT WARNING * * *
The kobold attacks as you move away! The kobold hits you with a +0 club.
* * * LOW HITPOINT WARNING * * *
You see here 14 gold pieces.
Sigmund appears from thin air!
Reactivating autopickup.
Sigmund casts a spell.
Sigmund flickers and vanishes!
Deactivating autopickup; reactivate with Ctrl-A.
Found a long sword.
The kobold attacks as you move away! The kobold hits you but does no damage.
The kobold attacks as you move away! The kobold barely misses you.
The kobold attacks as you move away! The kobold barely misses you.
You see here a +0 long sword.
The kobold attacks as you move away! The kobold closely misses you.
The kobold attacks as you move away! The kobold hits you with a +0 club.
* * * LOW HITPOINT WARNING * * *
The kobold attacks as you move away! The kobold hits you with a +0 club.
* * * LOW HITPOINT WARNING * * *
There is a stone staircase leading up here.
The kobold hits you with a +0 club.
* * * LOW HITPOINT WARNING * * *
You climb upwards.
Reactivating autopickup.
There is a stone staircase leading down here.
You hit the kobold.
The kobold is severely wounded.
The kobold barely misses you.
You barely miss the kobold.
The kobold is severely wounded.
The kobold hits you with a +0 club.
You die...

#.#######..##.......#######.
#...........+...............
#####.......###.......#######.
#...'.......'.......#.########
#.###.......#######.#.........
#.# #.......# #^########## #.#
#.......# #........... #.#
#.......#######......##... #.#
#.......#@K...'......''... #.#
#.......#.#####......##... #.#
#.......#..####.....)##.## #.#
#########.....#......##.# #.#
###'###.#########.# #.#
#.....#.#########.## #.#
#.....#............. #.#
#.....###########+## #.#
#.....# #.....#


You could see a kobold.

Vanquished Creatures
  Robin (D:2)
  A gnoll (D:2)
  An adder (D:2)
  5 bats
  3 endoplasms
  2 giant cockroaches (D:1)
  5 goblins
  5 hobgoblins
  2 jackals (D:2)
  4 kobolds
  A quokka (D:2)
  8 ball pythons
  2 frilled lizards (D:1)
  A rat (D:1)
41 creatures vanquished.

Notes
Turn   | Place    | Note
-------+----------+-------------------------------------------
     0 | D:1      | Gabide the Ogre Monk began the quest for the Orb.
     0 | D:1      | Reached XP level 1. HP: 24/24 MP: 1/1
   251 | D:1      | Reached XP level 2. HP: 29/32 MP: 2/2
   823 | D:1      | Reached XP level 3. HP: 40/40 MP: 3/3
  1041 | D:2      | Noticed Robin
  1080 | D:2      | Killed Robin
  1245 | D:2      | Noticed Sigmund
  1276 | D:2      | Reached skill level 5 in Fighting
  1276 | D:2      | Reached XP level 4. HP: 29/42 MP: 4/4
  1755 | D:2      | HP: 1/43 [kobold/+0 club (3)]
  1758 | D:1      | Slain by a kobold

Illustrated notes

Levels and vault maps discovered:
D:1:      dpeg_arrival_castle, layout_basic
D:2:      layout_basic, uniq_sigmund, uniq_robin

Skill      XL: |  1  2  3 |
---------------+----------+-----
Dodging        | 3 |  3.1
Fighting       | 5 |  5.1
Polearms       | |  3.9
Stealth        | |  1.4

Action                   |  1- 3 |  4- 6 || total
-------------------------+-------+-------++-------
Melee: Spear             |   118 |    19 ||   137
Throw: Javelin           |    15 |     5 ||    20
  Use: Scroll            |     3 |     2 ||     5
       Potion            |     2 |     1 ||     3
 Stab: Sleeping          |     4 |     1 ||     5
Armor: Robe              |    31 |     7 ||    38
Dodge: Dodged            |    50 |    25 ||    75
